 Dungeon Crawl Stone Soup version 0.30-a0-715-gdb4ae3ece1 (webtiles) character file.

Game seed: 14994176234186825380

533 browni3141 the Poker (level 7, -2/60 HPs)
             Began as a Naga Hedge Wizard on Jan 24, 2023.
             Slain by a hobgoblin (6 damage)
             ... led by Robin
             ... on level 4 of the Dungeon.
             The game lasted 00:06:41 (3169 turns).

browni3141 the Poker (Naga Hedge Wizard)            Turns: 3169, Time: 00:06:41

Health: -2/60      AC:  5    Str: 18    XL:     7   Next: 24%
Magic:  13/13      EV:  8    Int: 16    God:
Gold:   183        SH:  0    Dex: 11    Spells: 3/14 levels left

rFire   . . .      SeeInvis +    r - +7 trident "Udyg" {flame, *Slow rN++ SInv}
rCold   . . .      Faith    .    (no shield)
rNeg    + + .      Spirit   .    h - +0 ring mail {Will+}
rPois   +          Reflect  .    c - +0 hat
rElec   .          Harm     .    (no cloak)
rCorr   .          Rampage  .    u - +0 pair of gloves
Will    +....                    (no barding)
Stlth   +                        m - amulet of magic regeneration
HPRegen 0.30/turn                q - +6 ring of strength
MPRegen 0.53/turn                (no ring)

@: about to teleport, slowed, very slow
A: AC +2, large, see invisible, deformed body, poison resistance, slowness 2,
spit poison 1, naga tail 1
a: Spit Poison


You were on level 4 of the Dungeon.
You visited 1 branch of the dungeon, and saw 4 of its levels.

You collected 183 gold pieces.

Inventory:

Hand Weapons
 a - a +0 dagger
 r - the +7 trident "Udyg" (weapon) {flame, *Slow rN++ SInv}
   (You found it on level 2 of the Dungeon)

   rN:        It greatly protects you from negative energy.
   SInv:      It lets you see invisible.
   *Slow:     It may slow you when you take damage.
Missiles
 e - 2 silver javelins
Armour
 b - a +0 robe
 c - a +0 hat (worn)
 h - a +0 ring mail of willpower (worn)
 u - a +0 pair of gloves (worn)
Jewellery
 m - an amulet of magic regeneration (around neck)
 q - a +6 ring of strength (left hand)
 s - an amulet of faith
Wands
 y - a wand of flame (14)
Scrolls
 f - 4 scrolls of identify
 g - 2 scrolls of teleportation
 i - a scroll of fog {unknown}
 l - a scroll of vulnerability {unknown}
 n - a scroll of noise {unknown}
 o - a scroll of enchant weapon {unknown}
 t - a scroll of enchant armour {unknown}
 v - a scroll of blinking {unknown}
Potions
 d - 2 potions of magic
 j - 2 potions of berserk rage {unknown}
 k - 4 potions of mutation {unknown}
 p - 2 potions of curing {unknown}
 w - 2 potions of heal wounds {unknown}
 x - 2 potions of ambrosia {unknown}
 z - a potion of might {unknown}


   Skills:
 - Level 2.0 Fighting
 * Level 4.4 Polearms
 - Level 1.5 Dodging
 - Level 3.0 Stealth
 - Level 4.0 Spellcasting
 - Level 3.0 Conjurations
 - Level 1.0 Hexes
 - Level 3.0 Summonings
 - Level 1.0 Translocations


You had 3 spell levels left.
You knew the following spells:

 Your Spells              Type           Power      Damage    Failure   Level
a - Magic Dart            Conj           48%        1d5       9%          1
b - Slow                  Hex            24%        N/A       21%         1
c - Blink                 Tloc           12%        N/A       30%         2
d - Call Imp              Summ           12%        N/A       13%         2
e - Cigotuvi's Dreadful   Necr/Pois/Air  6%         N/A       41%         2
f - Mephitic Cloud        Conj/Pois/Air  6%         N/A       52%         3

Your spell library contained the following spells:

 Spells                   Type           Power      Damage    Failure   Level
 Momentum Strike          Conj/Tloc      18%        3d8       21%         2
 Lesser Beckoning         Tloc           12%        N/A       30%         2
 Gell's Gravitas          Tloc           6%         N/A       52%         3
 Teleport Other           Tloc           6%         N/A       52%         3
 Summon Lightning Spire   Summ/Air       8%         N/A       85%         4
 Monstrous Menagerie      Summ           6%         N/A       100%        7
 Summon Hydra             Summ           6%         N/A       100%        7


Dungeon Overview and Level Annotations

Branches:
Dungeon (4/15)
 Temple: D:4-7

Altars:
Kikubaaqudgha

Annotations:
D:4 Robin


Innate Abilities, Weirdness & Mutations

Your serpentine skin is tough. (AC +2)
You have supernaturally acute eyesight. (SInv)
Armour fits poorly on your strangely shaped body.
Your system is resistant to poisons. (rPois)
You cover ground very slowly.
You can spit poison.
You have a snake-like lower body.


Message History

The goblin hits you but does no damage.
You puncture the goblin! You burn the goblin.
You kill the goblin!
Robin throws the goblin at you! The hobgoblin hits you.
You closely miss the goblin.
The hobgoblin no longer looks unusually strong.
The goblin hits you with a +0 club. Robin throws the goblin at you!
The hobgoblin hits you but does no damage.
The goblin hits you but does no damage.
You puncture the hobgoblin! You burn the hobgoblin.
You kill the hobgoblin!
The goblin no longer looks unusually strong.
Robin roars a battlecry!
The goblin goes into a battle-frenzy!
A goblin comes into view. It is wielding a +0 dagger.
The goblin closely misses you. x2
You barely miss the goblin. The goblin hits you but does no damage.
The goblin hits you with a +0 club.
Unknown command.
Casting: Cigotuvi's Dreadful Rot (dangerous; 41% risk of failure)
Confirm with . or Enter, or press ? or * to list all spells.
Okay, then.
Unknown command.
Okay, then.
Unknown command.
As you read the scroll labelled JYK ASUXETRU, it crumbles to dust.
It is a scroll of identify.
g - 3 scrolls of teleportation The goblin hits you with a +0 club.
The hobgoblin hits you.
* * * LOW HITPOINT WARNING * * *
The goblin hits you with a +0 club.
* * * LOW HITPOINT WARNING * * *
Your magical contamination has completely faded away.
As you read the scroll of teleportation, it crumbles to dust.
You feel strangely unstable. The goblin hits you with a +0 club.
* * * LOW HITPOINT WARNING * * *
You feel yourself slow down. The goblin hits you with a +0 club.
* * * LOW HITPOINT WARNING * * *
The hobgoblin hits you.
You die...

#.# #.# #.# #.#
#.# #.# #.#
###.# #.# ...#
#.# ##.## #.#
#.####g..###.#
#g.gg@)#.....#
....)###g..##.##
.##.#####.###.#
#.......# #.#
######### #.#
#.# #.# ..# ###


You could see Robin, a hobgoblin (strong) and 3 goblins.

Vanquished Creatures
  Grinder (D:3)
  A phantom (D:4)
  A jelly (D:4)
  Terence (D:3)
  Natasha (thrice) (D:3)
  An orc wizard (D:3)
  4 adders
  A worm (D:2)
  A dart slug (D:2)
  4 orcs (D:3)
  7 bats
  3 endoplasms
  2 giant cockroaches
  9 goblins
  7 hobgoblins
  10 ball pythons
  4 frilled lizards
  3 kobolds
  5 rats
68 creatures vanquished.

Vanquished Creatures (collateral kills)
  A bat (D:3)
1 creature vanquished.

Vanquished Creatures (others)
  A fungus (D:3)
  6 plants (D:3)
7 creatures vanquished.

Grand Total: 76 creatures vanquished

Notes
Turn   | Place    | Note
-------+----------+-------------------------------------------
     0 | D:1      | browni3141 the Naga Hedge Wizard began the quest for the
                  | Orb.
     0 | D:1      | Reached XP level 1. HP: 15/15 MP: 4/4
   419 | D:1      | Reached XP level 2. HP: 22/22 MP: 3/6
   666 | D:1      | Learned a level 1 spell: Slow
   669 | D:1      | Learned a level 2 spell: Blink
   672 | D:1      | Learned a level 2 spell: Call Imp
  1205 | D:2      | Reached skill level 1 in Fighting
  1410 | D:2      | Reached XP level 3. HP: 31/31 MP: 4/7
  1750 | D:2      | Identified the +7 trident "Udyg" {flame, *Slow rN++ SInv}
  1883 | D:3      | Reached XP level 4. HP: 20/38 MP: 8/8
  1988 | D:3      | Found an ancient bone altar of Kikubaaqudgha.
  2000 | D:3      | Noticed Grinder
  2030 | D:3      | Paralysed by Grinder for 5 turns
  2038 | D:3      | Paralysed by Grinder for 5 turns
  2045 | D:3      | Killed Grinder
  2046 | D:3      | Reached skill level 1 in Hexes
  2046 | D:3      | Reached XP level 5. HP: 26/45 MP: 9/9
  2046 | D:3      | Reached XP level 6. HP: 30/52 MP: 10/10
  2049 | D:3      | Learned a level 2 spell: Cigotuvi's Dreadful Rot
  2053 | D:3      | Learned a level 3 spell: Mephitic Cloud
  2281 | D:3      | Noticed Terence
  2288 | D:3      | Killed Terence
  2289 | D:3      | Noticed Natasha
  2294 | D:3      | Killed Natasha
  2422 | D:3      | Got Sif Muna's Lessons on the Flock
  2592 | D:3      | Noticed Natasha
  2598 | D:3      | Killed Natasha
  2642 | D:3      | Found a faded altar of an unknown god.
  2826 | D:3      | Noticed Natasha
  2828 | D:3      | Killed Natasha
  2940 | D:4      | Reached XP level 7. HP: 54/60 MP: 13/13
  3149 | D:4      | Noticed Robin
  3169 | D:4      | Slain by a hobgoblin

Illustrated notes

Levels and vault maps discovered:
D:1:      zelgadis_glass_arrival_small, layout_basic, minmay_pentomino_w2
D:2:      layout_rooms, minmay_misc_feat_roman
D:3:      layout_loops_ring, mainiacjoe_overflow_tiny_flanked,
          shapermc_ecumenical_altar_mp_ritualfount, minmay_shallow_snake_nest,
          uniq_terence, uniq_natasha, uniq_grinder
D:4:      layout_loops_ring, minitemple, uniq_robin

Skill      XL: |  1  2  3  4  5  6 |
---------------+-------------------+-----
Conjurations   | 2 3 |  3.0
Fighting       | 1 2 |  2.0
Polearms       | 3 4 |  4.4
Hexes          | 1 |  1.0
Summonings     | 3 |  3.0
Spellcasting   | 4 |  4.0
Dodging        | |  1.5
Stealth        | |  3.0
Translocations | |  1.0

Action                     |  1- 3 |  4- 6 |  7- 9 || total
---------------------------+-------+-------+-------++-------
  Melee: Dagger            |    22 |       |       ||    22
         Trident           |    14 |    70 |    13 ||    97
   Cast: Magic Dart        |   101 |    20 |     6 ||   127
         Slow              |     3 |       |       ||     3
         Call Imp          |     1 |     3 |       ||     4
    Use: Scroll            |       |       |     2 ||     2
   Stab: Sleeping          |       |     1 |       ||     1
 Armour: Robe              |     2 |       |       ||     2
         Ring mail         |    17 |    16 |     7 ||    40
  Dodge: Dodged            |    27 |    22 |     5 ||    54

Table legend: (Time is in decaauts)
 A = Elapsed time spent in this place.
 B = Non-inter-level travel time spent in this place.
 C = Inter-level travel time spent in this place.
 D = Time resting spent in this place.
 E = Time spent auto-exploring this place.
 F = Levels seen in this place.
 G = Mean time per level.
                   A        B        C        D        E       F      G
               +--------+--------+--------+--------+--------+-----+--------+
         Total |   4002 |   3874 |    128 |     72 |   3219 |   4 | 1000.5 |
       Dungeon |   4002 |   3874 |    128 |     72 |   3219 |   4 | 1000.5 |
               +--------+--------+--------+--------+--------+-----+--------+

Top non-repeatable levels by time:
     D:1: 1527 daAuts
     D:3: 1339 daAuts
     D:2: 842 daAuts
     D:4: 293 daAuts
